 Dungeon Sprint DCSS version 0.29-a0-821-g66395355a5 (webtiles) character file.

Game seed: 3384540157058556372

2565 mhtbhm the Fighter (level 9, -3/86 HPs)
             Began as a Demonspawn Berserker on July 8, 2022.
             Was a High Priest of Trog.
             Slain by a komodo dragon (27 damage)
             ... in the Dungeon (Sprint IX: "|||||||||||||||||||||||||||||").
             The game lasted 00:01:11 (765 turns).

mhtbhm the Fighter (Demonspawn Berserker)            Turns: 765, Time: 00:01:12

Health: -3/86      AC:  6    Str: 22    XL:     9   Next: 31%
Magic:  9/9        EV: 14    Int: 11    God:    Trog [*****.]
Gold:   0          SH:  0    Dex: 13    Spells: 8/8 levels left

rFire   . . .      SeeInvis .   j - +2 dire flail (vorpal)
rCold   . . .      Faith    .   (shield currently unavailable)
rNeg    . . .      Spirit   .   b - +0 animal skin
rPois   .          Reflect  .   (helmet unavailable)
rElec   .          Harm     .   (no cloak)
rCorr   .          Rampage  .   k - +0 pair of gloves
Will    .....      NoTele   +   l - +0 pair of boots
Stlth   +.........              (no amulet)
HPRegen 0.24/turn               m - +3 ring of intelligence
MPRegen 0.11/turn               n - +2 ring of protection

@: on berserk cooldown, slowed, very slow
A: horns 3, weakness stinger 2, demonic touch 2
a: Renounce Religion, Berserk, Trog's Hand, Brothers in Arms


You were in the Dungeon.
You worshipped Trog.
Trog was extremely pleased with you.
You visited 1 branch

Inventory:

Hand Weapons
 j - a +2 vorpal dire flail (weapon)
Armour
 b - a +0 animal skin (worn)
 k - a +0 pair of gloves (worn)
 l - a +0 pair of boots (worn)
Jewellery
 m - a +3 ring of intelligence (left hand)
 n - a +2 ring of protection (right hand)
Wands
 a - a wand of acid (6)
Scrolls
 h - 2 scrolls of blinking
Potions
 c - 5 potions of curing
 d - a potion of invisibility
 e - a potion of haste
 f - 4 potions of magic
 g - a potion of berserk rage
 i - 2 potions of heal wounds


   Skills:
 + Level 13.8 Fighting
 + Level 13.3 Maces & Flails
 + Level 5.2 Armour
 + Level 6.6 Dodging
 + Level 0.7 Stealth
 + Level 1.8 Evocations


You had 8 spell levels left.
You didn't know any spells.
Your spell library was empty.

Dungeon Overview and Level Annotations

Branches:
Dungeon (1/1)

Altars:
Cheibriados
Dithmenos
Fedhas
Gozag
Hepliaklqana
Kikubaaqudgha
Makhleb
Nemelex Xobeh
Okawaru
Qazlal
Ru
Sif Muna
Trog
Uskayaw
Vehumet
Wu Jian
Xom
Yredelemnul
Jiyva
Lugonu


Innate Abilities, Weirdness & Mutations

You have a pair of large horns on your head.
You have a tail ending in a sharp stinger.
Your touch may inflict irresistible damage on your foes.


Message History

Trog appreciates your killing of a magic user.
The battlesphere dissipates.
Unknown command.
You barely miss the purple ugly thing.
Your headbutt misses the purple ugly thing.
You tail-slap the purple ugly thing!
The purple ugly thing is lightly wounded.
The purple ugly thing closely misses you.
You puncture the purple ugly thing! You headbutt the purple ugly thing!
The purple ugly thing is heavily wounded.
You closely miss the purple ugly thing.
The purple ugly thing is heavily wounded.
The purple ugly thing barely misses you.
You bludgeon the purple ugly thing!! You headbutt the purple ugly thing.
You kill the purple ugly thing!
Trog accepts your kill.
Your Maces & Flails skill increases to level 13!
You are no longer berserk.
You are exhausted.
You feel yourself slow down. The komodo dragon bites you!!
You see here an ugly thing corpse.
You sock the komodo dragon! You headbutt the komodo dragon!
The komodo dragon is heavily wounded.
The komodo dragon misses you.
You completely miss the komodo dragon. You tail-slap the komodo dragon.
The komodo dragon is heavily wounded.
The komodo dragon bites you!
* * * LOW HITPOINT WARNING * * *
You hit the komodo dragon. Your headbutt misses the komodo dragon.
The komodo dragon is severely wounded.
The komodo dragon bites you.
* * * LOW HITPOINT WARNING * * *
Aiming: Corrosive Bolt
Press: ? - help, Shift-Dir - straight line, f - komodo dragon
Aim: a komodo dragon (severely wounded, 79% to hit)
The bolt of acid hits the komodo dragon!
The acid corrodes the komodo dragon!
The komodo dragon is almost dead.
The komodo dragon bites you!!
You die... ▓▓▓▓▓▓▓▓▓▓▓▓▓▓▓▓▓▓▓▓▓▓▓▓▓ '.))...[..').)[.@l.)....+ ▓▓▓▓▓▓▓▓▓▓▓▓▓▓▓▓▓▓▓▓▓▓▓▓▓

You could see a komodo dragon (corroded).

Vanquished Creatures
  A two-headed ogre (D)
  A manticore (D)
  An ugly thing (D)
  A kobold demonologist (D)
  A tengu conjurer (D)
  A wraith (D)
  A yak (D)
  A vampire mosquito (D)
  An orc warrior (D)
  A centaur (D)
  A howler monkey (D)
  A hound (D)
  An iguana (D)
  2 orc wizards (D)
  An adder (D)
  A dart slug (D)
  A hobgoblin (D)
  3 frilled lizards (D)
21 creatures vanquished.

Notes
Turn   | Place    | Note
-------+----------+-------------------------------------------
     0 | D        | mhtbhm the Demonspawn Berserker began the quest for the
                  | Orb.
     0 | D        | Reached XP level 1. HP: 18/18 MP: 1/1
    14 | D        | Reached ** piety under Trog
   106 | D        | Noticed an iguana
   106 | D        | Noticed a centaur
   106 | D        | Noticed a hound
   106 | D        | Noticed an orc wizard
   114 | D        | Killed an iguana
   115 | D        | Discovered your monstrous ancestry.
   115 | D        | Gained mutation: Your touch may inflict minor irresistible
                  | damage on your foes. [demonic ancestry]
   115 | D        | Reached XP level 2. HP: 19/26 MP: 2/2
   115 | D        | Gained mutation: You have a small tail. [demonic ancestry]
   115 | D        | Reached XP level 3. HP: 24/32 MP: 3/3
   119 | D        | Killed a centaur
   119 | D        | Reached *** piety under Trog
   120 | D        | Reached XP level 4. HP: 34/41 MP: 4/4
   127 | D        | Gained mutation: You have a tail ending in a sharp stinger.
                  | [demonic ancestry]
   127 | D        | Reached XP level 5. HP: 23/47 MP: 5/5
   162 | D        | Found a snail-covered altar of Cheibriados.
   162 | D        | Found a shadowy altar of Dithmenos.
   162 | D        | Found a blossoming altar of Fedhas.
   162 | D        | Found an opulent altar of Gozag.
   163 | D        | Found a hazy altar of Hepliaklqana.
   164 | D        | Found a viscous altar of Jiyva.
   165 | D        | Found an ancient bone altar of Kikubaaqudgha.
   166 | D        | Found a corrupted altar of Lugonu.
   167 | D        | Found a burning altar of Makhleb.
   168 | D        | Found a sparkling altar of Nemelex Xobeh.
   169 | D        | Found an iron altar of Okawaru.
   170 | D        | Found a stormy altar of Qazlal.
   171 | D        | Found a sacrificial altar of Ru.
   172 | D        | Found a shimmering blue altar of Sif Muna.
   173 | D        | Found a bloodstained altar of Trog.
   174 | D        | Found a hide-covered altar of Uskayaw.
   175 | D        | Found a radiant altar of Vehumet.
   176 | D        | Found an ornate altar of the Wu Jian Council.
   177 | D        | Found a shimmering altar of Xom.
   178 | D        | Found a basalt altar of Yredelemnul.
   410 | D        | Noticed a vampire mosquito
   410 | D        | Noticed a two-headed ogre
   410 | D        | Noticed a yak
   410 | D        | Noticed an orc warrior
   413 | D        | Reached **** piety under Trog
   413 | D        | Killed a vampire mosquito
   414 | D        | Gained mutation: You have a pair of small horns on your
                  | head. [demonic ancestry]
   414 | D        | Reached XP level 6. HP: 57/57 MP: 6/6
   416 | D        | Killed a two-headed ogre
   417 | D        | Reached skill level 10 in Maces & Flails
   417 | D        | Reached skill level 5 in Dodging
   417 | D        | Reached skill level 1 in Evocations
   417 | D        | Gained mutation: You have a pair of horns on your head.
                  | [demonic ancestry]
   417 | D        | Reached XP level 7. HP: 68/68 MP: 7/7
   421 | D        | Killed a yak
   421 | D        | Reached ***** piety under Trog
   422 | D        | Gained mutation: Your touch may inflict irresistible damage
                  | on your foes. [demonic ancestry]
   422 | D        | Reached XP level 8. HP: 75/75 MP: 8/8
   551 | D        | Noticed a kobold demonologist
   551 | D        | Noticed a manticore
   551 | D        | Noticed a tengu conjurer
   551 | D        | Noticed a purple ugly thing
   551 | D        | Noticed a komodo dragon
   553 | D        | Noticed a rust devil
   567 | D        | Killed a kobold demonologist
   745 | D        | Killed a manticore
   746 | D        | Reached skill level 5 in Armour
   746 | D        | Gained mutation: You have a pair of large horns on your
                  | head. [demonic ancestry]
   746 | D        | Reached XP level 9. HP: 85/85 MP: 9/9
   756 | D        | Killed a tengu conjurer
   760 | D        | Killed a purple ugly thing
   765 | D        | Slain by a komodo dragon

Illustrated notes

Levels and vault maps discovered:
D:        linesprint [early_d, line_temple, items_1, d_10, items_2, lair_1,
          lair_end, items_3, orc_1, orc_end, items_4, d_15, swamp_1, shoals_1,
          snake_1, spider_1, d_20, vaults_1, items_5, swamp_end, shoals_end,
          snake_end, spider_end, vaults_end, d_27, items_6, zot_1, zot_end,
          crypt_end, forest_end, elf_end, slime_end, tomb_end, abyss_end,
          pan_hell_end]

Skill      XL: |  1  2  3  4  5  6  7  8  9 |
---------------+----------------------------+-----
Maces & Flails | 4 6 8 10 11 12 13 | 13.3
Armour         | 2 3 4 5 |  5.2
Dodging        | 2 3 4 5 6 |  6.6
Fighting       | 4 6 8 11 13 | 13.8
Evocations     | 1 |  1.8
Stealth        | |  0.7

Action                   |  1- 3 |  4- 6 |  7- 9 || total
-------------------------+-------+-------+-------++-------
Melee: Mace              |    26 |    13 |       ||    39
       Touch             |     1 |     1 |       ||     2
       Tailslap          |       |     1 |     6 ||     7
       Dire flail        |       |     2 |    41 ||    43
       Headbutt          |       |       |     8 ||     8
Invok: Berserk           |     1 |     1 |     3 ||     5
Evoke: Wand              |       |     2 |     2 ||     4
  Use: Potion            |     1 |       |       ||     1
Armor: Animal skin       |     6 |     2 |     2 ||    10
Dodge: Dodged            |    13 |     7 |    14 ||    34

Table legend: (Time is in decaauts)
 A = Elapsed time spent in this place.
 B = Non-inter-level travel time spent in this place.
 C = Inter-level travel time spent in this place.
 D = Time resting spent in this place.
 E = Time spent auto-exploring this place.
 F = Levels seen in this place.
 G = Mean time per level.
                   A        B        C        D        E       F      G
               +--------+--------+--------+--------+--------+-----+--------+
         Total |    793 |    793 |      0 |    599 |      3 |   1 |  793.0 |
       Dungeon |    793 |    793 |      0 |    599 |      3 |   1 |  793.0 |
               +--------+--------+--------+--------+--------+-----+--------+

Top non-repeatable levels by time:
       D: 793 daAuts
